 Dungeon Crawl Stone Soup version 0.29-a0-923-g6e406bff71 (webtiles) character file.

Game seed: 15002435358353682115

3088 HeadfulHorsecorpse the Magician (level 9, -6/71 HPs)
             Began as a Gnoll Warper on July 26, 2022.
             Was a Believer of Cheibriados.
             Mangled by a two-headed ogre
             ... wielding a +0 halberd
              (20 damage)
             ... in a bailey on July 28, 2022.
             The game lasted 01:15:22 (8166 turns).

HeadfulHorsecorpse the Magician (Gnoll Warper)      Turns: 8166, Time: 01:15:22

Health: -6/71      AC:  8    Str: 18    XL:     9   Next: 89%
Magic:  19/19      EV: 15    Int: 24    God:    Cheibriados [**....]
Gold:   251        SH:  5    Dex: 18    Spells: 11/22 levels left

rFire   + . .      SeeInvis .   C - +2 falchion of Abomination {vorpal, Will- rCorr Int+7 Dex+2}
rCold   . . .      Faith    .   (no shield)
rNeg    + . .      Spirit   .   G - +0 leather armour {rF+}
rPois   .          Reflect  +   H - +1 helmet
rElec   .          Harm     .   (no cloak)
rCorr   +          Rampage  .   t - +1 pair of gloves
Will    .....                   (no boots)
Stlth   +++.......              R - amulet of reflection
HPRegen 0.21/turn               g - +4 ring of slaying
MPRegen 0.16/turn               z - ring of positive energy

@: hasted
A: fangs 1, strong nose, distributed training
a: Renounce Religion, Bend Time


You were in a bailey.
You worshipped Cheibriados.
Cheibriados was pleased with you.
You visited 1 branch of the dungeon, and saw 7 of its levels.
You also visited: Sewer and Bailey.

You collected 251 gold pieces.

Inventory:

Hand Weapons
 h - a +1 dagger of draining
 l - a +0 spear
 o - a +0 sling
 C - the +2 falchion of Abomination (weapon) {vorpal, Will- rCorr Int+7 Dex+2}
   (You found it on level 3 of the Dungeon)

   It inflicts extra damage upon your enemies.
   Int:       It affects your intelligence (+7).
   Dex:       It affects your dexterity (+2).
   rCorr:     It protects you from acid and corrosion.
   Will:      It decreases your willpower.
 F - a +3 short sword of holy wrath
 I - a +0 shortbow
Missiles
 d - 7 boomerangs of dispersal
 j - 6 atropa-tipped darts
 O - 3 boomerangs (quivered)
 T - 17 poisoned darts
Armour
 t - a +1 pair of gloves (worn)
 G - a +0 leather armour of fire resistance (worn)
 H - a +1 helmet (worn)
Jewellery
 g - a +4 ring of slaying (left hand)
 i - a ring of fire
 z - a ring of positive energy (right hand)
 D - a ring of willpower
 Q - the amulet "Loemoit" {Acrobat rF- MP+9 Int+9 Stlth+}
   (You found it on level 6 of the Dungeon)

   [amulet of the acrobat]

   It increases your evasion while moving and waiting.
   Int:       It affects your intelligence (+9).
   rF:        It makes you vulnerable to fire.
   MP:        It affects your magic capacity (+9).
   Stlth:     It makes you more stealthy.
 R - an amulet of reflection (around neck)
Scrolls
 a - 2 scrolls of immolation {unknown}
 b - a scroll of amnesia {unknown}
 c - 2 scrolls of blinking
 e - a scroll of silence {unknown}
 n - 2 scrolls of enchant weapon
 p - 2 scrolls of vulnerability {unknown}
 v - a scroll of butterflies {unknown}
 x - 2 scrolls of enchant armour {unknown}
 A - a scroll of teleportation {unknown}
 K - a scroll of magic mapping {unknown}
 M - 2 scrolls of torment {unknown}
 S - 2 scrolls of fear {unknown}
Potions
 f - 2 potions of lignification
 k - 2 potions of brilliance {unknown}
 m - 2 potions of degeneration {unknown}
 q - a potion of berserk rage
 r - a potion of magic
 s - 2 potions of cancellation
 u - 4 potions of might {unknown}
 w - 4 potions of heal wounds {unknown}
 B - 2 potions of resistance {unknown}
 E - 2 potions of mutation {unknown}
 J - 2 potions of attraction {unknown}
 L - a potion of invisibility
 P - 2 potions of curing
 U - 3 potions of haste


   Skills:
 + Level 6.7 Fighting
 + Level 4.8 Short Blades
 + Level 6.7 Long Blades
 + Level 4.8 Axes
 + Level 4.8 Maces & Flails
 + Level 4.8 Polearms
 + Level 4.8 Staves
 + Level 4.8 Ranged Weapons
 + Level 5.5 Throwing
 + Level 5.5 Armour
 + Level 6.7 Dodging
 + Level 4.8 Stealth
 + Level 4.8 Shields
 + Level 4.8 Unarmed Combat
 + Level 7.0 Spellcasting
 + Level 4.0 Conjurations
 + Level 4.0 Hexes
 + Level 4.0 Summonings
 + Level 4.0 Necromancy
 + Level 6.8 Translocations
 + Level 4.0 Transmutations
 + Level 4.0 Fire Magic
 + Level 4.0 Ice Magic
 + Level 4.0 Air Magic
 + Level 4.0 Earth Magic
 + Level 4.0 Poison Magic
 + Level 5.3 Invocations
 + Level 4.8 Evocations


You had 11 spell levels left.
You knew the following spells:

 Your Spells              Type           Power      Damage    Failure   Level
a - Blink                 Tloc           82%        N/A       1%          2
b - Teleport Other        Tloc           41%        N/A       1%          3
c - Gell's Gravitas       Tloc           41%        N/A       1%          3
d - Lesser Beckoning      Tloc           41%        N/A       1%          3

Your spell library contained the following spells:

 Spells                   Type           Power      Damage    Failure   Level
 Tukima's Dance           Hex            27%        N/A       4%          3
 Passage of Golubria      Tloc           41%        N/A       4%          4
 Manifold Assault         Tloc           41%        N/A       14%         5
 Yara's Violent Unravell  Hex/Tmut       13%        3d7       41%         5


Dungeon Overview and Level Annotations

Branches:
Dungeon (7/15)              Sewer (visited)          Bailey (1/1)
 Temple: D:4-7

Altars:
Cheibriados
Fedhas
Makhleb
Nemelex Xobeh
Ru
Vehumet
The Shining One

Shops:
D:5 [

Annotations:
D:2 Artifact scale mail, needs shatter
D:3 2 transporters, Destapler's ghost, amateur DsAr


Innate Abilities, Weirdness & Mutations

You have very sharp teeth.
Your uncanny sense of smell can sniff out nearby items.
Your experience applies equally to all skills.


Message History

You are very lightly contaminated with residual magic.
Nothing appears to happen.
The spriggan barely misses you.
The spriggan hits you with a +0 trident.
Items here: )) ††.
You slash the spriggan!
The spriggan is almost dead.
The spriggan hits you with a +0 trident.
You miss the spriggan.
The spriggan is almost dead.
You block the spriggan's attack.
You hit the spriggan.
You kill the spriggan!
Cheibriados thoroughly appreciates the change of pace.
Your Conjurations skill increases to level 4!
Your Hexes skill increases to level 4!
Your Summonings skill increases to level 4!
Your Necromancy skill increases to level 4!
Your Transmutations skill increases to level 4!
Your Fire Magic skill increases to level 4!
Your Ice Magic skill increases to level 4!
Your Air Magic skill increases to level 4!
Your Earth Magic skill increases to level 4!
Your Poison Magic skill increases to level 4!
You start resting.
Your magical contamination has completely faded away.
You start resting.
Magic restored.
You start resting.
A two-headed ogre comes into view. It is wielding two +0 halberds.
You enter the shallow water.
Moving in this stuff is going to be slow.
The two-headed ogre shouts in stereo!
You hear a shout!
You hear an angry hiss.
The two-headed ogre hits you from afar with a +0 halberd!!
The two-headed ogre hits you from afar with a +0 halberd!
* * * LOW HITPOINT WARNING * * *
You hear a shout!
It was a potion of haste.
You feel yourself speed up.
Cheibriados forgives your accidental hurry, just this once.
The two-headed ogre hits you from afar with a +0 halberd!!
You die...

((.....##
........## ###
#..## ##.##
♣♣).## ##...##
#♣..## #.....#
#♣..###.....##
∆∆
#).≈≈≈..∩...#
∆∆
♣..≈≈≈......#
∆
#..≈O≈@.....#
∆∆
#).≈≈≈......#
∆∆
♣).≈≈≈..∩...#
#.(###.....##
#..## #.....#
#..## ##...##
#..# ##.## ..#
###


You could see a two-headed ogre.

Vanquished Creatures
  3 spriggans (Bailey)
  Sigmund (D:2)
  Duvessa (D:6)
  A water moccasin (D:3)
  An orc warrior (D:6)
  3 ice beasts (D:6)
  3 ogres
  A centaur (D:5)
  2 phantoms (D:5)
  3 kobold brigands (Sewer)
  3 bullfrogs (D:6)
  A scorpion (D:4)
  Dowan (D:6)
  2 orc priests
  2 gnoll boudas
  4 hounds
  2 jellies
  4 iguanas
  4 orc wizards
  13 gnolls
  8 adders
  6 river rats
  A shadow imp (D:5)
  An ufetubus (D:4)
  5 worms (Sewer)
  4 dart slugs
  17 orcs
  3 endoplasms
  5 giant cockroaches
  3 goblins
  8 hobgoblins
  6 jackals
  7 quokkas
  9 ball pythons
  4 bats
  6 frilled lizards
  12 kobolds
  11 rats
171 creatures vanquished.

Vanquished Creatures (others)
  14 plants (D:3)
14 creatures vanquished.

Grand Total: 185 creatures vanquished

Notes
Turn   | Place    | Note
-------+----------+-------------------------------------------
     0 | D:1      | HeadfulHorsecorpse the Gnoll Warper began the quest for the
                  | Orb.
     0 | D:1      | Reached XP level 1. HP: 20/20 MP: 6/6
   351 | D:1      | Reached XP level 2. HP: 23/26 MP: 7/7
   730 | D:1      | Reached skill level 5 in Spellcasting
   730 | D:1      | Reached XP level 3. HP: 31/31 MP: 7/9
   845 | D:1      | Found a faded altar of an unknown god.
   906 | D:1      | Reached skill level 1 in Invocations
  1411 | D:2      | Reached skill level 1 in Short Blades
  1411 | D:2      | Reached skill level 1 in Axes
  1411 | D:2      | Reached skill level 1 in Maces & Flails
  1411 | D:2      | Reached skill level 1 in Polearms
  1411 | D:2      | Reached skill level 1 in Staves
  1411 | D:2      | Reached skill level 1 in Ranged Weapons
  1411 | D:2      | Reached skill level 1 in Stealth
  1411 | D:2      | Reached skill level 1 in Shields
  1411 | D:2      | Reached skill level 1 in Unarmed Combat
  1411 | D:2      | Reached skill level 1 in Evocations
  1564 | D:2      | Learned a level 2 spell: Blink
  1568 | D:2      | Learned a level 3 spell: Teleport Other
  1645 | D:2      | Noticed Sigmund
  1646 | D:2      | Upgraded the game from 0.29-a0-914-g906f1d757c to
                  | 0.29-a0-920-g5d2155ec51
  1669 | D:2      | Reached XP level 4. HP: 38/38 MP: 11/11
  1973 | D:2      | Learned a level 3 spell: Gell's Gravitas
  2757 | D:3      | Noticed a small abomination
  2771 | D:3      | Noticed an ancient zyme
  2772 | D:3      | Found a transporter.
  2782 | D:3      | Identified the +2 falchion of Abomination {vorpal, Will-
                  | rCorr Int+7 Dex+2}
  2839 | D:3      | Reached skill level 1 in Conjurations
  2839 | D:3      | Reached skill level 1 in Hexes
  2839 | D:3      | Reached skill level 1 in Summonings
  2839 | D:3      | Reached skill level 1 in Necromancy
  2839 | D:3      | Reached skill level 1 in Transmutations
  2839 | D:3      | Reached skill level 1 in Fire Magic
  2839 | D:3      | Reached skill level 1 in Ice Magic
  2839 | D:3      | Reached skill level 1 in Air Magic
  2839 | D:3      | Reached skill level 1 in Earth Magic
  2839 | D:3      | Reached skill level 1 in Poison Magic
  2847 | D:3      | Reached XP level 5. HP: 43/43 MP: 12/12
  2910 | D:3      | Noticed an ogre
  2918 | D:3      | Killed an ogre
  2919 | D:3      | Reached XP level 6. HP: 45/50 MP: 14/14
  3193 | D:3      | Noticed a water moccasin
  3212 | D:3      | Reached skill level 5 in Fighting
  3212 | D:3      | Reached skill level 5 in Long Blades
  3212 | D:3      | Reached skill level 5 in Dodging
  3561 | D:3      | Found a transporter.
  3619 | D:3      | Noticed Destapler's ghost (amateur DsAr)
  4151 | D:4      | Found a sparkling altar of Nemelex Xobeh.
  4452 | D:4      | Reached XP level 7. HP: 56/56 MP: 15/15
  4868 | D:5      | Entered Level 5 of the Dungeon
  4875 | D:5      | Learned a level 3 spell: Lesser Beckoning
  4950 | D:5      | Found a blossoming altar of Fedhas.
  4975 | D:5      | Found Seidghoi's Armour Boutique.
  5083 | D:5      | Found a radiant altar of Vehumet.
  5510 | D:5      | Found a burning altar of Makhleb.
  5682 | D:6      | Reached XP level 8. HP: 63/63 MP: 16/16
  5706 | D:6      | Noticed Duvessa
  5770 | D:6      | Reached skill level 6 in Spellcasting
  5924 | D:6      | Identified the amulet "Loemoit" {Acrobat rF- MP+9 Int+9
                  | Stlth+}
  5945 | D:6      | Found a snail-covered altar of Cheibriados.
  5957 | D:6      | Became a worshipper of Cheibriados the Contemplative
  6001 | D:6      | Noticed Dowan
  6112 | D:6      | Found a glowing drain.
  6122 | Sewer    | Entered a sewer
  6369 | Sewer    | Reached * piety under Cheibriados
  6416 | Sewer    | Reached XP level 9. HP: 55/69 MP: 18/18
  6608 | D:6      | Killed Duvessa
  6614 | D:6      | Killed Dowan
  6843 | D:6      | Reached skill level 5 in Throwing
  6843 | D:6      | Reached skill level 5 in Armour
  7175 | D:6      | Upgraded the game from 0.29-a0-920-g5d2155ec51 to
                  | 0.29-a0-923-g6e406bff71
  7309 | D:2      | Killed Sigmund
  7607 | D:7      | Reached ** piety under Cheibriados
  7659 | D:7      | Found a glowing golden altar of the Shining One.
  7818 | D:7      | Found a flagged portal.
  7831 | D:7      | Found a sacrificial altar of Ru.
  7849 | Bailey   | Entered a bailey
  7907 | Bailey   | Reached skill level 5 in Invocations
  7986 | Bailey   | Reached skill level 7 in Spellcasting
  8161 | Bailey   | Noticed a two-headed ogre
  8166 | Bailey   | Mangled by a two-headed ogre

Illustrated notes

Levels and vault maps discovered:
D:1:      saegor_arrival_simple_c, layout_basic, basic_ecumenical_altar
D:2:      layout_basic, lightli_corner_chamber, uniq_sigmund
D:3:      layout_basic, gammafunk_ghost_abyssal_escape, solitary_fountain,
          hangedman_decor_peaks_small, nicolae_grassy_gnolls
D:4:      layout_basic, mainiacjoe_overflow_six_doors_small
D:5:      layout_rooms, makhleb_heckhound_becter, mainiacjoe_overflow_alcove_4,
          fedhas_altar_2, serial_shops, nicolae_shop_stone
D:6:      layout_loops_ring, kennysheep_slug_shrine, portal_sewer_entry_e,
          st_stairs_9, minmay_door_square, minmay_crystal_room, uniq_duvessa
D:7:      layout_basic, mainiacjoe_overflow_catwalk,
          mainiacjoe_overflow_brackets, minmay_temple_entry_statues_fountains,
          enter_bailey_2, uniq_menkaure
Bailey:   bailey_polearm_enchanted_keep_hellmonk, bailey

Skill      XL: |  1  2  3  4  5  6  7  8  9 |
---------------+----------------------------+-----
Spellcasting   | 5 6 7 |  7.0
Invocations    | 1 2 3 4 5 |  5.3
Short Blades   | 1 2 3 4 |  4.8
Axes           | 1 2 3 4 |  4.8
Maces & Flails | 1 2 3 4 |  4.8
Polearms       | 1 2 3 4 |  4.8
Staves         | 1 2 3 4 |  4.8
Ranged Weapons | 1 2 3 4 |  4.8
Stealth        | 1 2 3 4 |  4.8
Shields        | 1 2 3 4 |  4.8
Unarmed Combat | 1 2 3 4 |  4.8
Evocations     | 1 2 3 4 |  4.8
Conjurations   | 1 2 3 4 |  4.0
Hexes          | 1 2 3 4 |  4.0
Summonings     | 1 2 3 4 |  4.0
Necromancy     | 1 2 3 4 |  4.0
Transmutations | 1 2 3 4 |  4.0
Fire Magic     | 1 2 3 4 |  4.0
Ice Magic      | 1 2 3 4 |  4.0
Air Magic      | 1 2 3 4 |  4.0
Earth Magic    | 1 2 3 4 |  4.0
Poison Magic   | 1 2 3 4 |  4.0
Throwing       | 3 4 5 |  5.5
Armour         | 3 4 5 |  5.5
Fighting       | 5 6 |  6.7
Long Blades    | 5 6 |  6.7
Dodging        | 5 6 |  6.7
Translocations | 6 |  6.8

Action                   |  1- 3 |  4- 6 |  7- 9 || total
-------------------------+-------+-------+-------++-------
Melee: Falchion          |    81 |   112 |   297 ||   490
       Bite              |    12 |     6 |    24 ||    42
       Punch             |     1 |     1 |     9 ||    11
Throw: Dart              |       |       |    10 ||    10
       Boomerang         |       |       |    12 ||    12
 Cast: Blink             |       |    11 |     1 ||    12
       Teleport Other    |       |     1 |     1 ||     2
       Lesser Beckoning  |       |       |     1 ||     1
  Use: Scroll            |       |       |     7 ||     7
       Potion            |       |       |     3 ||     3
 Stab: Sleeping          |       |     5 |     3 ||     8
       Distracted        |       |       |     1 ||     1
       Invisible         |       |       |     2 ||     2
Armor: Leather armour    |    11 |    14 |    46 ||    71
       Skin              |       |       |     1 ||     1
Dodge: Dodged            |    51 |    46 |   116 ||   213
Block: Other             |       |    24 |    55 ||    79

Table legend: (Time is in decaauts)
 A = Elapsed time spent in this place.
 B = Non-inter-level travel time spent in this place.
 C = Inter-level travel time spent in this place.
 D = Time resting spent in this place.
 E = Time spent auto-exploring this place.
 F = Levels seen in this place.
 G = Mean time per level.
                   A        B        C        D        E       F      G
               +--------+--------+--------+--------+--------+-----+--------+
         Total |   8726 |   8106 |    620 |   1638 |   3821 |   9 |  969.6 |
       Dungeon |   7852 |   7232 |    620 |   1381 |   3556 |   7 | 1121.7 |
         Sewer |    540 |    540 |      0 |      0 |    244 |   1 |  540.0 |
        Bailey |    333 |    333 |      0 |    257 |     20 |   1 |  333.0 |
               +--------+--------+--------+--------+--------+-----+--------+

Top non-repeatable levels by time:
     D:2: 1739 daAuts
     D:6: 1382 daAuts
     D:1: 1334 daAuts
     D:3: 1250 daAuts
     D:4: 935 daAuts
     D:5: 854 daAuts
   Sewer: 540 daAuts
     D:7: 355 daAuts
  Bailey: 333 daAuts
